 Dungeon Crawl Stone Soup version 0.28.0-45-g0d030f2227 (webtiles) character file.

Game seed: 10361988117961024736

7 thiscave3701365 the Skirmisher (level 1, 8/20 HPs)
             Began as a Minotaur Berserker on Apr 14, 2022.
             Was a Follower of Trog.
             Quit the game on level 1 of the Dungeon.
             The game lasted 00:00:15 (521 turns).

thiscave3701365 the Skirmisher (Minotaur Berserker)  Turns: 521, Time: 00:00:15

Health: 8/20       AC:  2    Str: 21    XL:     1   Next: 83%
Magic:  0/0        EV: 12    Int:  4    God:    Trog [*.....]
Gold:   46         SH:  0    Dex:  9    Spells: 0/0 levels left

rFire   . . .      SeeInvis .   a - +0 hand axe
rCold   . . .      Faith    .   (no shield)
rNeg    . . .      Spirit   .   b - +0 animal skin
rPois   .          Reflect  .   (helmet restricted)
rElec   .          Harm     .   (no cloak)
rCorr   .          Rampage  .   (no gloves)
Will    .....                   (no boots)
Stlth   +.........              (no amulet)
HPRegen 0.06/turn               (no ring)
MPRegen 0.07/turn               (no ring)

@: no status effects
A: horns 2, retaliatory headbutt
a: Renounce Religion, Berserk


You were on level 1 of the Dungeon.
You worshipped Trog.
Trog was aware of your devotion.
You visited 1 branch of the dungeon, and saw 1 of its levels.

You collected 46 gold pieces.

Inventory:

Hand Weapons
 a - a +0 hand axe (weapon)
Armour
 b - a +0 animal skin (worn)
Scrolls
 f - a scroll of enchant armour {unknown}
Potions
 c - a potion of might {unknown}
 d - a potion of flight {unknown}
 e - a potion of lignification {unknown}


   Skills:
 + Level 3.9 Fighting
 + Level 3.8 Axes
 + Level 2.4 Armour
 + Level 2.3 Dodging


You couldn't memorise any spells.
You didn't know any spells.
Your spell library was empty.

Dungeon Overview and Level Annotations

Branches:
Dungeon (1/15)

Altars:


Innate Abilities, Weirdness & Mutations

You have a pair of horns on your head.
You reflexively headbutt those who attack you in melee.


Message History

Trog accepts your kill. The jackal barely misses you.
Unknown command.
You hit the jackal.
You kill the jackal!
Trog accepts your kill.
The jackal stops to sniff the ground.
The quokka closely misses you. You furiously retaliate!
You headbutt the quokka. The jackal bites you.
There are monsters nearby!
You hit the quokka.
You kill the quokka!
Trog accepts your kill.
You barely miss the jackal.
The jackal bites you but does no damage.
Unknown command.
There are monsters nearby!
You completely miss the endoplasm. You miss the jackal.
The jackal bites you but does no damage.
The jackal bites you.
The endoplasm jiggles.
The endoplasm freezes you.
You are frozen.
Unknown command.
There are monsters nearby!
You are too injured to fight recklessly!
There are monsters nearby!
You are too injured to fight recklessly!
Unknown command.
There are monsters nearby!
You are too injured to fight recklessly!
There are monsters nearby!
Unknown command.
You are too injured to fight recklessly!
There are monsters nearby!
There are monsters nearby!
You are too injured to fight recklessly!
Unknown command.
There are monsters nearby!
Are you sure you want to abandon this character and quit the game? (Confirm with "yes".)

#+###.#.#.#.......≈≈≈≈≈.≈≈≈≈≈.≈≈≈
.#. #.###.###.............).. # #
#.# #.# #.≈≈≈≈≈.≈≈≈≈≈.≈≈≈ ..#
#.###.≈###≈.≈# #≈.≈## ###
....>.≈# #≈.≈# #≈.≈
#.###.≈###≈.≈###≈.≈##
.#....≈≈≈≈≈.≈≈≈≈≈.≈≈≈
.###.###................
.....rJ@.≈≈≈≈≈.≈≈≈≈≈.≈≈≈
......h#.≈###≈.≈###≈.≈##
.#.$..S#.≈# #≈.≈# #≈.≈#
#.....#.≈###≈.≈###≈.≈##
#....##.≈≈≈≈≈.≈≈≈≈≈.≈≈≈ ......
.................
.........############### ...###
###


You could see an endoplasm, a jackal, a ball python and a rat.

Vanquished Creatures
  2 jackals (D:1)
  A kobold (D:1)
  A quokka (D:1)
  A goblin (D:1)
  A rat (D:1)
6 creatures vanquished.

Notes
Turn   | Place    | Note
-------+----------+-------------------------------------------
     0 | D:1      | thiscave3701365 the Minotaur Berserker began the quest for
                  | the Orb.
     0 | D:1      | Reached XP level 1. HP: 19/19 MP: 0/0
   521 | D:1      | Quit the game

Illustrated notes

Levels and vault maps discovered:
D:1:      matt_arrival_los_fun, layout_loops_ring,
          shapermc_ecumenical_altar_mp_highgroup, kennysheep_boxes

Action                   || total
-------------------------++-------
Melee: Hand axe          ||    19
       Headbutt          ||     2
Armor: Animal skin       ||     6
Dodge: Dodged            ||    11
